 Dungeon Crawl Stone Soup version 0.28-b1-25-g9875b3fc8c (webtiles) character file.

Game seed: 5213667524771535991

259 iwittbrodt the Protected (level 6, -4/44 HPs)
             Began as a Gnoll Wanderer on Jan 31, 2022.
             Blown up by Ijyb (9 damage)
             ... with a mindburst bolt
             ... on level 4 of the Dungeon on Feb 1, 2022.
             The game lasted 00:15:31 (4909 turns).

iwittbrodt the Protected (Gnoll Wanderer)           Turns: 4909, Time: 00:15:32

Health: -4/44      AC: 10    Str: 12    XL:     6   Next: 17%
Magic:  11/11      EV: 25    Int: 13    God:
Gold:   224        SH:  0    Dex: 11    Spells: 7/11 levels left

rFire   . . .      SeeInvis +   a - +0 quarterstaff
rCold   . . .      Faith    .   (shield currently unavailable)
rNeg    + . .      Spirit   .   b - +0 ring mail
rPois   +          Reflect  .   u - +0 helmet
rElec   .          Harm     .   (no cloak)
rCorr   .          Rampage  .   (no gloves)
Will    .....                   r - +1 pair of boots
Stlth   +.........              e - amulet of the acrobat
HPRegen 0.14/turn               i - ring "Taomnes" {rPois rN+ SInv}
MPRegen 0.12/turn               (no ring)

@: acrobatic
A: fangs 1, strong nose, distributed training
a: no special abilities


You were on level 4 of the Dungeon.
You visited 1 branch of the dungeon, and saw 4 of its levels.

You collected 224 gold pieces.

Inventory:

Hand Weapons
 a - a +0 quarterstaff (weapon)
 o - a +0 dagger
Missiles
 c - 87 stones
 l - 26 sling bullets
 m - 2 atropa-tipped darts
 n - 47 arrows
Armour
 b - a +0 ring mail (worn)
 f - a +0 plate armour
 r - a +1 pair of boots (worn)
 u - a +0 helmet (worn)
Jewellery
 e - an amulet of the acrobat (around neck)
 i - the ring "Taomnes" (left hand) {rPois rN+ SInv}
   (You acquired it on level 4 of the Dungeon)

   [ring of poison resistance]

   rPois:     It protects you from poison.
   rN:        It protects you from negative energy.
   SInv:      It lets you see invisible.
 j - an amulet of reflection
 k - a ring of flight
Wands
 q - a wand of charming (7)
Scrolls
 p - 2 scrolls of enchant armour
 s - a scroll of vulnerability {unknown}
 t - 2 scrolls of identify {unknown}
Potions
 d - a potion of ambrosia {unknown}
 g - 6 potions of curing {unknown}
 h - 3 potions of invisibility {unknown}


   Skills:
 + Level 1.8 Fighting
 + Level 1.8 Short Blades
 + Level 1.8 Long Blades
 + Level 1.8 Axes
 + Level 1.8 Maces & Flails
 + Level 1.8 Polearms
 + Level 4.9 Staves
 + Level 1.8 Slings
 + Level 1.8 Bows
 + Level 1.8 Crossbows
 + Level 1.8 Throwing
 + Level 8.7 Armour
 + Level 1.8 Dodging
 + Level 3.0 Stealth
 + Level 1.8 Shields
 + Level 1.8 Unarmed Combat
 + Level 3.3 Spellcasting
 + Level 1.4 Conjurations
 + Level 1.4 Hexes
 + Level 1.4 Summonings
 + Level 1.4 Necromancy
 + Level 1.4 Translocations
 + Level 1.4 Transmutations
 + Level 1.4 Fire Magic
 + Level 1.4 Ice Magic
 + Level 1.4 Air Magic
 + Level 4.0 Earth Magic
 + Level 1.4 Poison Magic
 + Level 2.0 Invocations
 + Level 1.8 Evocations


You had 7 spell levels left.
You knew the following spells:

 Your Spells              Type           Power      Damage    Failure   Level
a - Sandblast             Erth           24%        2d8       8%          1
b - Stone Arrow           Conj/Erth      18%        3d8       38%         3

Your spell library contained the following spells:

 Spells                   Type           Power      Damage    Failure   Level
 Passwall                 Tmut/Erth      7%         N/A       21%         2
 Pain                     Necr           20%        1d5       24%         1
 Ozocubu's Armour         Ice            5%         N/A       56%         3
 Animate Armour           Summ/Erth      18%        N/A       80%         4
 Animate Dead             Necr           2%         N/A       93%         4
 Agony                    Necr           5%         N/A       100%        5
 Excruciating Wounds      Necr           2%         N/A       100%        5
 Metabolic Englaciation   Hex/Ice        2%         N/A       100%        5
 Simulacrum               Ice/Necr       2%         N/A       100%        6
 Haunt                    Necr/Summ      2%         N/A       100%        7
 Infestation              Necr           2%         N/A       100%        8


Dungeon Overview and Level Annotations

Branches:
Dungeon (4/15)
 Temple: D:4-7

Altars:
Elyvilon
Yredelemnul

Annotations:
D:4 Ijyb


Innate Abilities, Weirdness & Mutations

You have very sharp teeth.
Your uncanny sense of smell can sniff out nearby items.
Your experience applies equally to all skills.


Message History

The blast of sand misses the adder.
Aiming: Sandblast (safe; 8% risk of failure)
Press: ? - help, Q - select action, (/) - cycle Shift-Dir - straight line, f/p - adder
Aim: an adder (66% to hit)
The blast of sand hits the adder!
The adder is severely wounded.
You barely miss the adder. Your bite misses the adder.
The adder is severely wounded.
The adder bites you. The adder barely misses you.
You closely miss the adder. Your bite misses the adder.
The adder is severely wounded.
The adder closely misses you.
You barely miss the adder. You bite the adder, but do no damage.
The adder is severely wounded.
The adder barely misses you.
You barely miss the adder.
The adder is severely wounded.
The adder bites you but does no damage. The adder closely misses you.
You hit the adder.
You kill the adder!
Found a stone staircase leading down.
There is a stone staircase leading down here.
You see here a +0 ring mail.
Ijyb is nearby!
Ijyb shouts!
Aiming: Sandblast (safe; 8% risk of failure)
Press: ? - help, Q - select action, (/) - cycle Shift-Dir - straight line Out of range.
Okay, then.
Ijyb zaps a wand.
Your mind is blasted!
Aiming: Sandblast (safe; 8% risk of failure)
Press: ? - help, Q - select action, (/) - cycle Shift-Dir - straight line
Okay, then.
Ijyb screams, "Level is mine!
All mine!"
Ijyb zaps a wand.
Your mind is blasted!
Ijyb zaps a wand.
You barely resist.
Ijyb zaps a wand.
Your mind is blasted!
* * * LOW HITPOINT WARNING * * *
Ijyb zaps a wand.
Your mind is blasted!
You die...

#..#..........# #.
#..#.###...##.# ###########.
#.......#.###g# #........##.
#.......#.# #.# #.######.##.
##........###.######.#####...#.
#......#...............>......
#.............#####.#####...#.
#.#..##..###..# #.....# ##.#..
###.#..#...# #.@# #.#<#.# #.#..
#..........###..# #.#)#.# #.#..
#.###.....).....# #.#.#.# #.#..
#. ####.....##<.##^....# #....
# #....####. ###.### ###..
#...## #.####.###### #..
#...#####...........###..
#........................
#..............####.###..


You could see Ijyb.

Vanquished Creatures
  A hound (D:4)
  A bullfrog skeleton (D:4)
  An iguana (D:4)
  7 adders
  5 worms
  2 dart slugs
  An orc (D:3)
  9 ball pythons
  8 bats
  10 endoplasms
  3 giant cockroaches
  6 hobgoblins
  5 jackals (D:1)
  6 quokkas
  6 frilled lizards
  8 goblins
  5 kobolds
  6 rats
  A spectral orc (D:3)
91 creatures vanquished.

Notes
Turn   | Place    | Note
-------+----------+-------------------------------------------
     0 | D:1      | iwittbrodt the Gnoll Wanderer began the quest for the Orb.
     0 | D:1      | iwittbrodt set off with the following items: a +0
                  | quarterstaff, a +0 ring mail, 18 stones; and the following
                  | spell memorised: Sandblast; and the following spells
                  | available to memorise: Stone Arrow, Animate Armour
     0 | D:1      | Reached XP level 1. HP: 13/13 MP: 4/4
    75 | D:1      | Reached XP level 2. HP: 13/19 MP: 0/5
   730 | D:1      | Reached XP level 3. HP: 24/25 MP: 7/7
   947 | D:1      | Reached skill level 1 in Invocations
  1050 | D:1      | Found a faded altar of an unknown god.
  1056 | D:1      | Learned a level 3 spell: Stone Arrow
  1456 | D:2      | Reached skill level 1 in Fighting
  1456 | D:2      | Reached skill level 1 in Short Blades
  1456 | D:2      | Reached skill level 1 in Long Blades
  1456 | D:2      | Reached skill level 1 in Axes
  1456 | D:2      | Reached skill level 1 in Maces & Flails
  1456 | D:2      | Reached skill level 1 in Polearms
  1456 | D:2      | Reached skill level 1 in Slings
  1456 | D:2      | Reached skill level 1 in Bows
  1456 | D:2      | Reached skill level 1 in Crossbows
  1456 | D:2      | Reached skill level 1 in Throwing
  1456 | D:2      | Reached skill level 1 in Dodging
  1456 | D:2      | Reached skill level 1 in Shields
  1456 | D:2      | Reached skill level 1 in Unarmed Combat
  1456 | D:2      | Reached skill level 1 in Evocations
  1488 | D:2      | Reached XP level 4. HP: 27/32 MP: 6/8
  1966 | D:2      | Reached skill level 1 in Conjurations
  1966 | D:2      | Reached skill level 1 in Hexes
  1966 | D:2      | Reached skill level 1 in Summonings
  1966 | D:2      | Reached skill level 1 in Necromancy
  1966 | D:2      | Reached skill level 1 in Translocations
  1966 | D:2      | Reached skill level 1 in Transmutations
  1966 | D:2      | Reached skill level 1 in Fire Magic
  1966 | D:2      | Reached skill level 1 in Ice Magic
  1966 | D:2      | Reached skill level 1 in Air Magic
  1966 | D:2      | Reached skill level 1 in Poison Magic
  3050 | D:3      | Reached XP level 5. HP: 37/37 MP: 7/9
  3114 | D:3      | Found a basalt altar of Yredelemnul.
  3239 | D:3      | Found a white marble altar of Elyvilon.
  3521 | D:4      | Identified a scroll of acquirement
  3521 | D:4      | Acquired the ring "Taomnes" {rPois rN+ SInv}
  3528 | D:4      | Noticed Ijyb
  4447 | D:4      | Reached XP level 6. HP: 14/44 MP: 9/11
  4909 | D:4      | Blown up by Ijyb

Illustrated notes

Levels and vault maps discovered:
D:1:      sevenhm_arrival_forest_fort_small_4, layout_basic,
          hellmonk_ecumenical_altar_zigzags
D:2:      layout_loops_ring, hex_tiny, minmay_split_cup_small
D:3:      layout_basic, yredelemnul_forgotten_temple_becter,
          mainiacjoe_overflow_chevrons, chequers_avenue
D:4:      layout_loops_ring, uniq_ijyb

Skill      XL: |  1  2  3  4  5 |
---------------+----------------+-----
Invocations    | 1 2 |  2.0
Fighting       | 1 |  1.8
Short Blades   | 1 |  1.8
Long Blades    | 1 |  1.8
Axes           | 1 |  1.8
Maces & Flails | 1 |  1.8
Polearms       | 1 |  1.8
Slings         | 1 |  1.8
Bows           | 1 |  1.8
Crossbows      | 1 |  1.8
Throwing       | 1 |  1.8
Dodging        | 1 |  1.8
Shields        | 1 |  1.8
Unarmed Combat | 1 |  1.8
Evocations     | 1 |  1.8
Spellcasting   | 3 |  3.3
Conjurations   | 1 |  1.4
Hexes          | 1 |  1.4
Summonings     | 1 |  1.4
Necromancy     | 1 |  1.4
Translocations | 1 |  1.4
Transmutations | 1 |  1.4
Fire Magic     | 1 |  1.4
Ice Magic      | 1 |  1.4
Air Magic      | 1 |  1.4
Poison Magic   | 1 |  1.4
Earth Magic    | 4 |  4.0
Stealth        | 3 |  3.0
Staves         | |  4.9
Armour         | |  8.7

Action                   |  1- 3 |  4- 6 || total
-------------------------+-------+-------++-------
Melee: Quarterstaff      |   120 |   153 ||   273
       Bite              |     7 |    16 ||    23
 Cast: Sandblast         |     8 |    24 ||    32
  Use: Scroll            |       |     2 ||     2
 Stab: Sleeping          |     1 |       ||     1
Armor: Ring mail         |    65 |    50 ||   115
Dodge: Dodged            |    93 |    89 ||   182
